cohdb
Replays
Latest Replays
All Replays
Popular Replays
Top Player Replays
Match Explorer
How It Works
Community
CoH3 Stats
Reddit
Sign in to upload your games and track your stats! →
Sign in with Steam
Match 43795938
Unlisted
Match 43795938
Overview
Messages
Build Orders
End
Construct Section Command Post
Selects Air and Sea Battlegroup
Infantry Section
Infantry Section
Dingo Light Scout Car
Infantry Section
Selects Supply Surplus
Construct Field Infirmary
Infantry Section
Dog
Acelguita
krispykreme34
Halokoo
Hornet
oaksanti13
Talos
SUSTAITA25
0
0
Comments
sign in to comment!
No comments posted yet!